Map: Blackpink LE

Players

Gemini

  • Race: Protoss Protoss
  • League: Grandmaster
  • Spawn Location: 1:00

A.I. 1 (Very Easy) - Winner!

  • Race: Zerg Zerg
  • Spawn Location: 7:00

VOD

Have the link to the VOD?

Description

Time

  • Played on: April 10, 2018, 10:39 p.m.
  • Length: 7:51
Show
View Real Time Build Order
Export as new Build Order

Gemini Protoss 

Build Orders: 1 Gate Expand, Oracle Opening, Phoenix Opening 

Get SALT Encoding   

  12  0:00  Probe  
  13  0:15  Probe  
  13  0:21  Pylon  
  14  0:27  Probe (Chrono Boost)  
  15  0:40  Gateway, Probe (Chrono Boost)  
  16  0:47  Probe (Chrono Boost)  
  17  0:51  Assimilator  
  17  0:54  Probe  
  18  1:06  Probe  
  19  1:18  Probe  
  20  1:28  Nexus  
  20  1:36  Cybernetics Core  
  20  1:39  Probe  
  21  1:45  Assimilator  
  21  1:51  Probe  
  22  1:55  Pylon  
  22  2:04  Probe  
  23  2:12  Adept (Chrono Boost)  
  25  2:16  Probe  
  25  2:22  Stargate  
  26  2:28  Probe  
  27  2:35  Warp Gate  
  27  2:36  Adept  
  29  2:40  Probe x2 (Chrono Boost)  
  31  2:50  Probe x2 (Chrono Boost)  
  33  2:55  Probe x2 (Chrono Boost)  
  35  3:06  Phoenix (Chrono Boost)  
  35  3:07  Probe, Adept  
  35  3:08  Probe  
  35  3:12  Pylon  
  41  3:19  Probe  
  42  3:20  Probe  
  42  3:25  Oracle (Chrono Boost)  
  43  3:31  Probe  
  43  3:32  Probe  
  48  3:39  Gateway  
  48  3:40  Gateway  
  48  3:43  Probe  
  48  3:44  Probe  
  50  3:49  Twilight Council  
  50  3:53  Pylon  
  50  3:55  Probe  
  51  3:56  Probe  
  51  4:00  Assimilator  
  52  4:04  Assimilator  
  52  4:07  Probe  
  52  4:08  Probe  
  54  4:14  Pylon  
  54  4:17  Pylon  
  54  4:20  Probe x2  
  54  4:21  Resonating Glaives (Chrono Boost)  
  56  4:37  Nexus  
  56  4:38  Pylon  
  56  4:40  Adept  
  56  4:41  Adept  
  56  4:45  Adept  
  62  4:57  Robotics Facility  
  62  5:03  Adept x2  
  62  5:06  Adept  
  68  5:10  Shield Battery  
  68  5:28  Adept x3  
  74  5:40  Gateway  
  74  5:42  Gateway x2  
  74  5:43  Gateway, Warp Prism (Chrono Boost)  
  74  5:47  Gateway  
  76  5:53  Sentry x2  
  76  5:54  Sentry  
  80  6:13  Immortal (Chrono Boost)  
  80  6:14  Pylon  
  80  6:16  Pylon  
  84  6:20  Sentry x2, Adept  
  90  6:28  Pylon  
  90  6:38  Adept x2  
  94  6:41  Adept x3  
  94  6:42  Pylon  
  98  7:08  Adept x8  
  114  7:15  Pylon  
  114  7:23  Pylon  
  114  7:31  Adept  
  114  7:32  Adept x6  
  114  7:35  Adept  
Show
View Real Time Build Order
Export as new Build Order

A.I. 1 (Very Easy) Zerg - Winner!

Build Orders: Hatch First 

Get SALT Encoding   

  12  0:00  Drone  
  13  0:12  Overlord  
  13  0:17  Drone  
  14  0:42  Hatchery  
  14  0:46  Drone  
  14  1:03  Spawning Pool  
  13  1:05  Extractor  
  13  1:07  Drone  
  13  1:14  Drone  
  14  1:20  Overlord  
  14  1:50  Zergling x2, Queen  
  14  1:52  Zergling x2  
  18  1:58  Roach Warren  
  17  2:03  Drone  
  17  2:08  Extractor  
  17  2:12  Drone  
  18  2:17  Zergling x2  
  20  2:22  Drone  
  20  2:30  Drone  
  21  2:37  Drone  
  22  2:44  Drone  
  23  2:51  Drone  
  24  2:58  Drone  
  24  3:00  Roach  
  26  3:06  Drone  
  27  3:13  Drone  
  27  3:17  Overlord  
  28  3:22  Drone  
  29  3:29  Drone  
  30  3:35  Lair  
  30  3:36  Drone  
  31  3:43  Roach  
  31  3:47  Drone  
  34  3:54  Drone  
  35  4:01  Drone  
  36  4:04  Overlord  
  36  4:08  Drone  
  37  4:16  Drone  
  38  4:23  Drone  
  39  4:26  Roach, Ravager  
  39  4:30  Drone  
  43  4:32  Overseer  
  43  4:36  Overseer  
  43  4:37  Drone  
  44  4:44  Overlord, Drone  
  43  4:52  Drone  
  44  4:59  Extractor, Drone  
  44  5:05  Extractor  
  44  5:07  Drone  
  44  5:09  Zergling x2  
  46  5:14  Drone  
  47  5:21  Drone  
  48  5:28  Drone  
  49  5:35  Drone  
  50  5:42  Drone  
  50  5:52  Zergling x2  
  51  5:57  Overlord  
  51  5:58  Queen  
  49  6:18  Drone  
  49  6:20  Zergling x2  
  44  6:26  Drone  
  44  6:33  Drone  
  44  6:40  Drone  
  40  6:47  Drone  
  40  6:49  Roach  
  43  6:54  Drone  
  43  6:56  Overseer  
  42  7:02  Drone  
  42  7:09  Drone  
  43  7:16  Drone  
  43  7:18  Zergling x2  
  45  7:23  Drone  
  46  7:30  Drone  
  47  7:38  Drone  
Tags
 
Add a new tag
Caveats
  • Supply blocks, unpowered buildings, or Contaminate may cause inaccurate times.
  • Supply counts are checked every 10 seconds.